 Dungeon Crawl Stone Soup version 0.29.1-debian-4-g95531337e3 (webtiles) character file.

Game seed: 3765452179382334257

653 Dreamer the Insei (level 7, 0/64 HPs)
             Began as an Octopode Transmuter on Sept 13, 2022.
             Slain by an iron imp (3 damage)
             ... summoned by Eustachio
             ... on level 5 of the Dungeon.
             The game lasted 00:10:05 (5881 turns).

Dreamer the Insei (Octopode Transmuter)             Turns: 5881, Time: 00:10:05

Health: 0/64       AC: 23    Str: 12      XL:     7   Next: 54%
Magic:  10/10      EV:  2    Int: 15      God:
Gold:   125        SH:  0    Dex:  8 (12) Spells: 9/10 levels left

rFire   . . .      SeeInvis .   u - +1 whip (vamp)
rCold   . . .      Faith    .   (no shield)
rNeg    . . .      Spirit   .   (helmet currently unavailable)
rPois   +          Reflect  .   (no amulet)
rElec   .          Harm     .   e - ring of flight
rCorr   .          Rampage  .   (no ring)
Will    .....      NoTele   +   (no ring)
Stlth   ++........              (no ring)
HPRegen 0.20/turn               (no ring)
MPRegen 0.12/turn               (no ring)
                                (no ring)
                                (no ring)

@: tree-form
A: stationary, stasis, torment immunity, boosted hp, almost no armour,
(amphibious), 8 rings, (camouflage 1), (gelatinous body 1), (nimble swimmer 1),
(tentacles)
a: no special abilities


You were on level 5 of the Dungeon.
You were a tree.
You visited 1 branch of the dungeon, and saw 6 of its levels.

You collected 125 gold pieces.

Inventory:

Hand Weapons
 u - a +1 vampiric whip (weapon)
Jewellery
 e - a ring of flight (left branch)
Wands
 m - a wand of polymorph (8)
 p - a wand of flame (20)
Scrolls
 b - a scroll of silence {unknown}
 c - 2 scrolls of teleportation {unknown}
 d - 2 scrolls of identify {unknown}
 j - 4 scrolls of fear {unknown}
 l - 2 scrolls of amnesia {unknown}
 n - a scroll of brand weapon {unknown}
 q - a scroll of enchant armour {unknown}
 r - a scroll of vulnerability {unknown}
Potions
 f - a potion of might {unknown}
 g - 3 potions of curing {unknown}
 h - a potion of berserk rage {unknown}
 i - a potion of degeneration {unknown}
 k - 2 potions of mutation {unknown}
 s - a potion of attraction {unknown}
 t - a potion of brilliance {unknown}


   Skills:
 - Level 1.0 Fighting
 - Level 2.0 Dodging
 + Level 4.7 Stealth
 * Level 5.8 Unarmed Combat
 - Level 2.0 Spellcasting
 * Level 5.3 Transmutations


You had 9 spell levels left.
You knew the following spells:

 Your Spells              Type           Power      Damage    Failure   Level
a - Beastly Appendage     Tmut           34%        N/A       2%          1

Your spell library contained the following spells:

 Spells                   Type           Power      Damage    Failure   Level
 Wereblood                Tmut           17%        N/A       3%          2
 Shock                    Conj/Air       4%         1d3       22%         1
 Spider Form              Tmut/Pois      9%         N/A       22%         3
 Swiftness                Air            1%         N/A       54%         3
 Ice Form                 Ice/Tmut       9%         N/A       58%         4
 Airstrike                Air            0%         2d(1-17)  91%         4


Dungeon Overview and Level Annotations

Branches:
Dungeon (6/15)             Temple (0/1) D:6

Altars:
Uskayaw
Yredelemnul

Shops:
D:3 :   D:5 =

Annotations:
D:5 Blork the orc, Eustachio
D:6 exclusion: orc wizard


Innate Abilities, Weirdness & Mutations

You are a tree.
Your roots penetrate the ground, keeping you stationary.
You cannot be teleported.
You are immune to unholy pain and torment.
Your maximum health is greatly increased.
You cannot wear most types of armour.
((You are amphibious.))
You can wear up to eight rings at the same time.
((Your skin changes colour to match your surroundings (Stealth+).))
((Your rubbery body absorbs attacks. (AC +1, EV +1)))
((You are camouflaged when in or above water. (Stealth+)))
((You have tentacles for arms and can constrict up to eight enemies at once.))


Message History

Eustachio is moderately wounded.
The quasit bites you. The quasit completely misses you. The quasit claws you.
You feel clumsy. Eustachio hits you with a +0 rapier!
The quasit barely misses you. The quasit claws you.
You feel clumsy. The quasit misses you.
The iron imp shouts, "Go and return not, thou euchred bat-fowling swadder!"
The iron imp closely misses you.
You barely miss Eustachio. Your grab misses Eustachio.
Eustachio is moderately wounded.
Eustachio gestures wildly while chanting.
The quasit barely misses you. The quasit closely misses you.
The quasit claws you.
You feel clumsy. The iron imp completely misses you. The iron imp misses you.
Eustachio hits you with a +0 rapier.
* * * LOW HITPOINT WARNING * * *
You hit Eustachio but do no damage. You grab Eustachio. You squeeze Eustachio!
Eustachio is heavily wounded.
You constrict Eustachio. The quasit bites you.
* * * LOW HITPOINT WARNING * * *
The quasit claws you.
* * * LOW HITPOINT WARNING * * *
The quasit barely misses you. x3; The quasit misses you.
The iron imp hits you.
* * * LOW HITPOINT WARNING * * *
Eustachio misses you. The iron imp closely misses you.
Really quaff the potion of lignification?
You turn into a tree.
Your roots penetrate the ground.
You lose your grip on Eustachio.
The quasit bites you but does no damage.
The quasit claws you but does no damage. x2
Eustachio completely misses you.
The iron imp hits you but does no damage.
You hit Eustachio.
Eustachio is heavily wounded.
The quasit bites you but does no damage.
The quasit claws you but does no damage. x2
The iron imp hits you.
You die...

........>....#..........#
.............#..........#
.............#..........#
.............#..........# #....
.............#..........# #....
.............#......)...# #....
.............########)#######....
+.########....5.................
#...b@♣................
+....55................
#..............)......>
#......................
#......#+############## #.<....+
#......# #......# #......#


You could see Eustachio, 2 iron imps, a quasit (summoned) and a bat (summoned).

Vanquished Creatures
  Menkaure (D:5)
  2 scorpions
  A jelly (D:5)
  An orc priest (D:5)
  2 hounds (D:4)
  Ijyb (D:4)
  3 iguanas
  An orc wizard (D:5)
  7 gnolls
  3 adders
  3 worms
  A dart slug (D:1)
  An orc (D:5)
  4 ball pythons
  6 endoplasms
  2 giant cockroaches
  6 goblins
  6 hobgoblins
  3 jackals (D:3)
  2 quokkas
  6 bats
  2 frilled lizards (D:2)
  4 kobolds
  6 rats
74 creatures vanquished.

Notes
Turn   | Place    | Note
-------+----------+-------------------------------------------
     0 | D:1      | Dreamer the Octopode Transmuter began the quest for the
                  | Orb.
     0 | D:1      | Reached XP level 1. HP: 13/13 MP: 3/3
   173 | D:1      | Reached XP level 2. HP: 18/18 MP: 5/5
   199 | D:1      | You are sucked into a shaft and drop 1 floor!
   273 | D:1      | Reached skill level 1 in Stealth
   821 | D:1      | Found a faded altar of an unknown god.
  1377 | D:2      | Reached XP level 3. HP: 22/23 MP: 6/6
  1894 | D:3      | Found Boetuley's Book Emporium.
  1993 | D:3      | Found a basalt altar of Yredelemnul.
  2022 | D:3      | Noticed a scorpion
  2032 | D:3      | Killed a scorpion
  2033 | D:3      | Reached XP level 4. HP: 19/28 MP: 7/7
  2149 | D:3      | Found a hide-covered altar of Uskayaw.
  2419 | D:3      | Reached XP level 5. HP: 19/33 MP: 2/8
  3327 | D:4      | Noticed Ijyb
  3472 | D:4      | Killed Ijyb
  3918 | D:4      | Reached XP level 6. HP: 27/38 MP: 3/9
  4429 | D:5      | Entered Level 5 of the Dungeon
  4447 | D:5      | Found Kisosughe's Jewellery Emporium.
  4584 | D:5      | Noticed Menkaure
  4589 | D:5      | Killed Menkaure
  4590 | D:5      | Reached skill level 5 in Unarmed Combat
  4623 | D:5      | Noticed Blork the orc
  4638 | D:4      | Reached XP level 7. HP: 8/43 MP: 3/10
  5139 | D:5      | Reached skill level 5 in Transmutations
  5356 | D:5      | Noticed Eustachio
  5444 | D:6      | Found a staircase to the Ecumenical Temple.
  5879 | D:5      | HP: 2/43 [iron imp[Eustachio] (6)]
  5881 | D:5      | Slain by an iron imp

Illustrated notes

Levels and vault maps discovered:
D:1:      heliophobic_arrival_ceremonial_halls, layout_basic,
          ebering_ecumenical_altar_rust
D:2:      layout_basic
D:3:      layout_loops_ring, mainiacjoe_overflow_24_doors,
          mainiacjoe_overflow_six_doors_small, serial_shops,
          nicolae_square_shop, grunt_decor_clamped
D:4:      layout_basic, uniq_ijyb
D:5:      layout_gridville, serial_shops, shop, nicolae_shop_behind_doors,
          shop_statue, minivault_14, uniq_eustachio, uniq_blork_the_orc,
          uniq_menkaure
D:6:      layout_basic, mainiacjoe_overflow_alcove_2,
          minmay_temple_entry_drinking_statues

Skill      XL: |  1  2  3  4  5  6  7 |
---------------+----------------------+-----
Stealth        | 1 2 3 4 |  4.7
Unarmed Combat | 4 5 |  5.8
Transmutations | 3 4 5 |  5.3
Fighting       | |  1.0
Dodging        | |  2.0
Spellcasting   | |  2.0

Action                   |  1- 3 |  4- 6 |  7- 9 || total
-------------------------+-------+-------+-------++-------
Melee: Unarmed           |     6 |       |       ||     6
       Constrict         |    24 |    16 |    11 ||    51
       Dagger            |    68 |    77 |    26 ||   171
       Tentacles         |    14 |    22 |    17 ||    53
       Punch             |     1 |     5 |     1 ||     7
       Short sword       |     6 |     4 |       ||    10
       Whip              |       |       |    17 ||    17
  Use: Potion            |       |       |     1 ||     1
 Stab: Sleeping          |     8 |     4 |     1 ||    13
Armor: Skin              |     7 |     6 |     9 ||    22
Dodge: Dodged            |    45 |    30 |    31 ||   106
